 Dungeon Crawl Stone Soup version 0.21.1-1-g345015f (webtiles) character file.

126 inmateoo the Skirmisher (level 4, -9/60 HPs)
             Began as a Demonspawn Wanderer on July 18, 2018.
             Mangled by a wyvern (16 damage)
             ... on level 4 of the Dungeon.
             The game lasted 00:04:16 (2102 turns).

inmateoo the Skirmisher (Demonspawn Wanderer)       Turns: 2102, Time: 00:04:17

Health: -9/60      AC:  9    Str: 20    XL:     4   Next: 83%
Magic:  4/4        EV:  7    Int: 14    God:
Gold:   122        SH:  0    Dex: 10    Spells: 3/3 levels left

rFire    . . .     SeeInvis .   i - +0 hand axe
rCold    . . .     Gourm    .   (no shield)
rNeg     . . .     Faith    .   p - +0 chain mail
rPois    .         Spirit   .   (no helmet)
rElec    .         Reflect  .   (no cloak)
rCorr    .         Harm     .   h - +0 pair of gloves
MR       .....                  (no boots)
Stlth    ..........             (no amulet)
HPRegen  0.20/turn              (no ring)
MPRegen  0.09/turn              (no ring)

@: berserking, hasted, very quick
A: powered by death 2
a: no special abilities


You were on level 4 of the Dungeon.
You were not hungry.

You visited 1 branch of the dungeon, and saw 4 of its levels.

You collected 122 gold pieces.

Inventory:

Hand Weapons
 c - a +1 falchion
 i - a +0 hand axe (weapon)
Missiles
 b - 3 throwing nets (quivered)
Armour
 h - a +0 pair of gloves (worn)
 p - a +0 chain mail (worn)
Wands
 k - a wand of flame (29)
Scrolls
 d - 2 scrolls of teleportation
 l - 2 scrolls of remove curse
 n - a scroll of identify
Potions
 e - a potion of heal wounds {unknown}
 g - 2 potions of curing
 o - a potion of flight {unknown}
Comestibles
 f - 3 rations


   Skills:
 + Level 5.6 Fighting
 - Level 1.7 Long Blades
 * Level 2.0 Axes
   Level 1.0 Crossbows
 - Level 1.0 Dodging
 - Level 1.0 Stealth
 - Level 1.0 Evocations


You had 3 spell levels left.
You didn't know any spells.

Dungeon Overview and Level Annotations

Branches:
Dungeon (4/15)
 Temple: D:4-7

Altars:
Gozag
Nemelex Xobeh
Ru

Annotations:
D:3 Jessica


Innate Abilities, Weirdness & Mutations

You regenerate health from kills.


Message History

The wyvern bites you but does no damage.
You closely miss the wyvern. The wyvern bites you!
You hit the wyvern.
The wyvern is lightly wounded.
The wyvern barely misses you.
Unknown command.
You are too injured to fight recklessly!
You slash the wyvern!
The wyvern is heavily wounded.
The wyvern bites you!
* * * LOW HITPOINT WARNING * * *
You slash the wyvern!
The wyvern is almost dead.
The wyvern bites you.
* * * LOW HITPOINT WARNING * * *
You are too injured to fight recklessly!
Your chain mail prevents you from hitting the wyvern.
The wyvern is almost dead.
The wyvern bites you!
You die...

.......[..[.....#
#....##.<.#######
.#....÷[).).....##
...#.......>.###...
#.....#........#.....
#.≈≈≈.#.............#
#≈...≈#.........###..
#≈._.≈#..#........#
#≈...≈#@#####.###...#
#.≈≈≈.#l##....# ##..
#.....#S...#### #
#..<### #.#### #$.
..## ###


You could see a wyvern and an adder.

Vanquished Creatures
  An orc priest (D:4)
  A worker ant (D:2)
  An adder (D:3)
  2 worms (D:2)
  2 dart slugs (D:2)
  A leopard gecko (D:2)
  4 orcs
  2 ball pythons
  A giant cockroach (D:3)
  4 goblins (D:1)
  9 hobgoblins
  4 jackals (D:2)
  A quokka (D:2)
  5 bats (D:2)
  5 frilled lizards
  A kobold (D:3)
  4 rats
48 creatures vanquished.

Notes
Turn   | Place    | Note
-------+----------+-------------------------------------------
     0 | D:1      | inmateoo the Demonspawn Wanderer began the quest for the Orb.
     0 | D:1      | inmateoo set off with: a +0 leather armour, 3 throwing nets, a +0 falchion, a scroll of teleportation, a ration
     0 | D:1      | Reached XP level 1. HP: 19/19 MP: 1/1
   202 | D:1      | Gained mutation: You regenerate a little health from kills. [demonic ancestry]
   202 | D:1      | Reached XP level 2. HP: 21/26 MP: 2/2
   673 | D:2      | Reached skill level 5 in Fighting
   673 | D:2      | Reached XP level 3. HP: 17/33 MP: 3/3
  1499 | D:2      | Gained mutation: You regenerate health from kills. [demonic ancestry]
  1499 | D:2      | Reached XP level 4. HP: 21/39 MP: 4/4
  1503 | D:2      | Reached skill level 1 in Axes
  1679 | D:3      | Found an opulent altar of Gozag.
  1679 | D:3      | Found a sparkling altar of Nemelex Xobeh.
  1808 | D:3      | Noticed Jessica
  2088 | D:4      | Noticed a wyvern
  2089 | D:4      | Found a sacrificial altar of Ru.
  2102 | D:4      | Mangled by a wyvern

Skill      XL: |  1  2  3  4 |
---------------+-------------+-----
Fighting       | 5 |  5.6
Axes           | 2 |  2.0
Long Blades    | |  1.7
Crossbows      | |  1.0
Dodging        | |  1.0
Stealth        | |  1.0
Evocations     | |  1.0

Action                   |  1- 3 |  4- 6 || total
-------------------------+-------+-------++-------
Melee: Falchion          |    79 |       ||    79
       Hand axe          |    37 |    52 ||    89
  Use: Scroll            |     5 |     2 ||     7
       Potion            |       |     3 ||     3
 Stab: Sleeping          |       |     1 ||     1
  Eat: Ration            |     1 |       ||     1
       Chunk             |     1 |       ||     1
Armor: Leather armour    |    44 |    16 ||    60
       Chain mail        |       |     1 ||     1
Dodge: Dodged            |    92 |    45 ||   137
       Rpst.: Falchion   |    19 |       ||    19
